 Dungeon Crawl Stone Soup version 0.26-a0-53-g45f243fec8 (webtiles) character file.

Game seed: 619200431803342369

97 MarredHen the Stinger (level 4, 0/32 HPs)
             Began as a Gnoll Venom Mage on June 7, 2020.
             Was a Believer of Lugonu.
             Slain by a bullfrog zombie (1 damage)
             ... on level 3 of the Dungeon.
             The game lasted 00:07:30 (2382 turns).

MarredHen the Stinger (Gnoll Venom Mage)            Turns: 2382, Time: 00:07:31

Health: 0/32       AC:  2    Str: 11    XL:     4   Next: 68%
Magic:  11/11      EV: 15    Int: 18    God:    Lugonu [**....]
Gold:   75         SH:  0    Dex: 15    Spells: 12/13 levels left

rFire    . . .     SeeInvis .   b - +1 dagger (speed)
rCold    . . .     Gourm    .   (no shield)
rNeg     . . .     Faith    .   a - +0 robe
rPois    .         Spirit   .   (no helmet)
rElec    .         Reflect  .   (no cloak)
rCorr    .         Harm     .   (no gloves)
MR       .....                  (no boots)
Stlth    +++.......             (no amulet)
HPRegen  0.10/turn              (no ring)
MPRegen  0.12/turn              (no ring)

@: mighty
A: distributed training, fangs 1, strong nose
a: Depart the Abyss, Bend Space, Renounce Religion


You were on level 3 of the Dungeon.
You worshipped Lugonu.
Lugonu was pleased with you.
You were not hungry.

You visited 1 branch of the dungeon, and saw 3 of its levels.

You collected 75 gold pieces.

Inventory:

Hand Weapons
 b - a +1 dagger of speed (weapon)
 k - a +1 dagger of protection
 l - a cursed -1 short sword
Armour
 a - a +0 robe (worn)
 h - a +2 pair of gloves
 j - a +2 pair of boots
Scrolls
 f - a scroll of fog
 m - a scroll of remove curse {unknown}
 o - a scroll of enchant armour {unknown}
 p - a scroll of blinking {unknown}
 q - a scroll of identify {unknown}
Potions
 d - a potion of magic
 e - a potion of might
 g - a potion of mutation {unknown}
 i - a potion of resistance {unknown}
 n - a potion of invisibility {unknown}
Comestibles
 c - 4 rations


   Skills:
 + Level 1.2 Fighting
 + Level 1.2 Short Blades
 + Level 1.2 Long Blades
 + Level 1.2 Axes
 + Level 1.2 Maces & Flails
 + Level 1.2 Polearms
 + Level 1.2 Staves
 + Level 1.2 Slings
 + Level 1.2 Bows
 + Level 1.2 Crossbows
 + Level 1.2 Throwing
 + Level 1.2 Armour
 + Level 4.6 Dodging
 + Level 4.3 Stealth
 + Level 1.2 Shields
 + Level 1.2 Unarmed Combat
 + Level 5.1 Spellcasting
 + Level 1.0 Conjurations
 + Level 1.0 Hexes
 + Level 1.0 Charms
 + Level 1.0 Summonings
 + Level 1.0 Necromancy
 + Level 1.0 Translocations
 + Level 2.2 Transmutations
 + Level 1.0 Fire Magic
 + Level 1.0 Ice Magic
 + Level 1.0 Air Magic
 + Level 1.0 Earth Magic
 + Level 5.5 Poison Magic
 + Level 1.3 Invocations
 + Level 1.2 Evocations


You had 12 spell levels left.
You knew the following spells:

 Your Spells              Type           Power        Failure   Level  Hunger
a - Sting                 Tmut/Pois      ###.         2%          1    None

Your spell library contained the following spells:

 Spells                   Type           Power        Failure   Level  Hunger
 Poisonous Vapours        Pois/Air       ###...       5%          2    #......
 Ignite Poison            Fire/Tmut/Pois ###.....     12%         3    ##.....
 Mephitic Cloud           Conj/Pois/Air  ##......     14%         3    ##.....
 Olgreb's Toxic Radiance  Pois           ###.....     14%         4    ####...


Dungeon Overview and Level Annotations

Branches:
Dungeon (3/15)

Altars:
Lugonu


Innate Abilities, Weirdness & Mutations

Your experience applies equally to all skills.
You have very sharp teeth.
Your uncanny sense of smell can sniff out nearby items.


Message History

Aim: a bullfrog zombie (lightly damaged)
The sting hits the bullfrog zombie.
The bullfrog zombie partially resists.
The bullfrog zombie is lightly damaged.
The bullfrog zombie closely misses you.
A kobold comes into view. It is wielding a +0 dagger.
The bullfrog zombie completely misses you.
The bullfrog zombie barely misses you. The bullfrog zombie hits you.
It was a potion of magic.
Magic courses through your body. The bullfrog zombie hits you.
It was a potion of might.
You feel very mighty all of a sudden. The bullfrog zombie hits you.
* * * LOW HITPOINT WARNING * * *
The kobold misses you. The bullfrog zombie hits you.
* * * LOW HITPOINT WARNING * * *
You see here a rat corpse.
As you read the scroll of fog, it crumbles to dust.
The scroll dissolves into smoke.
The bullfrog zombie hits you.
You die...

#.#.# #.# #.#.# #.# ###.#.#
#.# ....#.##########.##
###...............#
..#.#.##.#######.###########
#.#.#.##.#######.#§........#
..............§§§§§........#
.†..#.........§§@ZK.......>#
....####.######§##§######..#
....####.# #§ #)# ##.#
.........# #. ### #.#
.........# #. ∆ #'#
....###..# #.### ...
##...##..# #.#.# #####
#...##..# #.#.# #...##..#
#.#.#


You could see a bullfrog zombie and a kobold.

Vanquished Creatures
  2 adders (D:2)
  A gnoll (D:1)
  An ooze (D:3)
  2 worms
  A dart slug (D:1)
  4 leopard geckos
  2 giant cockroaches
  6 goblins
  8 hobgoblins
  2 jackals (D:3)
  A quokka (D:3)
  A ball python (D:1)
  5 bats
  5 frilled lizards
  6 kobolds
  6 rats
53 creatures vanquished.

Notes
Turn   | Place    | Note
-------+----------+-------------------------------------------
     0 | D:1      | MarredHen the Gnoll Venom Mage began the quest for the Orb.
     0 | D:1      | Reached XP level 1. HP: 13/13 MP: 6/6
   145 | D:1      | Reached XP level 2. HP: 19/19 MP: 3/7
   449 | D:1      | Reached XP level 3. HP: 25/25 MP: 2/9
   468 | D:1      | Reached skill level 5 in Spellcasting
   739 | D:1      | Reached skill level 1 in Invocations
  1007 | D:2      | Found a faded altar of an unknown god.
  1028 | D:2      | Became a worshipper of Lugonu the Unformed
  1028 | D:2      | Reached * piety under Lugonu
  1028 | D:2      | Reached ** piety under Lugonu
  1184 | D:2      | Reached skill level 1 in Fighting
  1184 | D:2      | Reached skill level 1 in Short Blades
  1184 | D:2      | Reached skill level 1 in Long Blades
  1184 | D:2      | Reached skill level 1 in Axes
  1184 | D:2      | Reached skill level 1 in Maces & Flails
  1184 | D:2      | Reached skill level 1 in Polearms
  1184 | D:2      | Reached skill level 1 in Staves
  1184 | D:2      | Reached skill level 1 in Slings
  1184 | D:2      | Reached skill level 1 in Bows
  1184 | D:2      | Reached skill level 1 in Crossbows
  1184 | D:2      | Reached skill level 1 in Throwing
  1184 | D:2      | Reached skill level 1 in Armour
  1184 | D:2      | Reached skill level 1 in Shields
  1184 | D:2      | Reached skill level 1 in Unarmed Combat
  1184 | D:2      | Reached skill level 1 in Evocations
  1184 | D:2      | Reached XP level 4. HP: 27/32 MP: 3/11
  2096 | D:3      | Reached skill level 1 in Conjurations
  2096 | D:3      | Reached skill level 1 in Hexes
  2096 | D:3      | Reached skill level 1 in Charms
  2096 | D:3      | Reached skill level 1 in Summonings
  2096 | D:3      | Reached skill level 1 in Necromancy
  2096 | D:3      | Reached skill level 1 in Translocations
  2096 | D:3      | Reached skill level 1 in Fire Magic
  2096 | D:3      | Reached skill level 1 in Ice Magic
  2096 | D:3      | Reached skill level 1 in Air Magic
  2096 | D:3      | Reached skill level 1 in Earth Magic
  2380 | D:3      | HP: 1/32 [bullfrog zombie (4)]
  2382 | D:3      | Slain by a bullfrog zombie

Illustrated notes

Levels and vault maps discovered:
D:1:      minmay_arrival_shattered_statue, layout_basic,
          hangedman_abyss_or_decor_lesser_grid
D:2:      layout_rooms, chequers_ecumenical_altar_simple_redux
D:3:      minmay_octagon_keep, layout_basic

Skill      XL: |  1  2  3  4 |
---------------+-------------+-----
Transmutations | 2 |  2.2
Spellcasting   | 5 |  5.1
Invocations    | 1 |  1.3
Fighting       | 1 |  1.2
Short Blades   | 1 |  1.2
Long Blades    | 1 |  1.2
Axes           | 1 |  1.2
Maces & Flails | 1 |  1.2
Polearms       | 1 |  1.2
Staves         | 1 |  1.2
Slings         | 1 |  1.2
Bows           | 1 |  1.2
Crossbows      | 1 |  1.2
Throwing       | 1 |  1.2
Armour         | 1 |  1.2
Shields        | 1 |  1.2
Unarmed Combat | 1 |  1.2
Evocations     | 1 |  1.2
Conjurations   | 1 |  1.0
Hexes          | 1 |  1.0
Charms         | 1 |  1.0
Summonings     | 1 |  1.0
Necromancy     | 1 |  1.0
Translocations | 1 |  1.0
Fire Magic     | 1 |  1.0
Ice Magic      | 1 |  1.0
Air Magic      | 1 |  1.0
Earth Magic    | 1 |  1.0
Dodging        | |  4.6
Stealth        | |  4.3
Poison Magic   | |  5.5

Action                   |  1- 3 |  4- 6 || total
-------------------------+-------+-------++-------
Melee: Dagger            |    23 |       ||    23
 Cast: Sting             |    60 |    55 ||   115
  Use: Scroll            |     1 |     1 ||     2
       Potion            |       |     2 ||     2
  Eat: Chunk             |     1 |     1 ||     2
       Ration            |       |     1 ||     1
Armor: Robe              |     9 |     1 ||    10
Dodge: Dodged            |    40 |    25 ||    65

Table legend:
 A = Non-vault XP
 B = Vault XP
 C = Vault XP percentage of total XP
 D = Non-vault monster count
 E = Vault monster count
 F = Vault count percentage of total count
                 A         B        C        D         E       F
            +---------+---------+-------+---------+---------+-------
      Total |     139 |       0 |   0.0 |      53 |       0 |   0.0
            +---------+---------+-------+---------+---------+-------
        D:1 |      57 |       0 |   0.0 |      25 |       0 |   0.0
        D:2 |      50 |       0 |   0.0 |      14 |       0 |   0.0
        D:3 |      32 |       0 |   0.0 |      14 |       0 |   0.0
            +---------+---------+-------+---------+---------+-------
